 Dungeon Crawl Stone Soup version 0.25.0-1-g7eea58d2a3 (webtiles) character file.

Game seed: 14193574988541042612

132 nikku the Conjurer (level 4, 0/39 HPs)
             Began as a Deep Elf Conjurer on June 14, 2020.
             Slain by a gnoll
             ... wielding a +1 vorpal flail
              (1 damage)
             ... on level 2 of the Dungeon.
             The game lasted 00:06:50 (1800 turns).

nikku the Conjurer (Deep Elf Conjurer)              Turns: 1800, Time: 00:06:50

Health: 0/39       AC: 22    Str:  5    XL:     4   Next: 92%
Magic:  6/12       EV:  2    Int: 21    God:
Gold:   116        SH:  0    Dex: 15    Spells: 1/12 levels left

rFire    . . .     SeeInvis .   f - +1 spear
rCold    . . .     Gourm    .   (no shield)
rNeg     + + +     Faith    .   (armour currently unavailable)
rPois    +         Spirit   .   (helmet currently unavailable)
rElec    .         Reflect  .   (cloak currently unavailable)
rCorr    .         Harm     .   (gloves currently unavailable)
MR       .....     NoTele   +   (boots currently unavailable)
Stlth    ++........             (no amulet)
HPRegen  0.13/turn              (no ring)
MPRegen  0.13/turn              (no ring)

@: tree-form, very slightly contaminated
A: no striking features
a: no special abilities


You were on level 2 of the Dungeon.
You were very hungry.
You were a tree.
You visited 1 branch of the dungeon, and saw 3 of its levels.

You collected 116 gold pieces.

Inventory:

Hand Weapons
 f - a +1 spear (weapon)
Armour
 a - a +0 robe (melded)
 e - a +0 pair of gloves
Scrolls
 h - 3 scrolls of teleportation
Potions
 j - a potion of might {unknown}
Comestibles
 c - 3 rations


   Skills:
 + Level 1.9 Fighting
 - Level 2.4 Dodging
 - Level 2.4 Stealth
 + Level 4.5 Spellcasting
 + Level 5.3 Conjurations
 + Level 0.9 Hexes
 + Level 0.5 Translocations


You had one spell level left.
You knew the following spells:

 Your Spells              Type           Power        Failure   Level  Hunger
a - Magic Dart            Conj           ####         1%          1    None
b - Searing Ray           Conj           ####..       1%          2    #......
c - Iskenderun's Mystic   Conj/Tloc      ###.....     34%         4    ####...
d - Fulminant Prism       Conj/Hex       ###.......   30%         4    ####...

Your spell library contained the following spells:

 Spells                   Type           Power        Failure   Level  Hunger
 Dazzling Flash           Conj/Hex       ###...       10%         3    ##.....
 Slow                     Hex            #.......     12%         2    #......
 Conjure Flame            Conj/Fire      ###.....     12%         3    ##.....
 Blink                    Tloc           N/A          14%         2    #......
 Call Imp                 Summ           #.......     17%         2    #......
 Mephitic Cloud           Conj/Pois/Air  ##......     17%         3    ##.....


Dungeon Overview and Level Annotations

Branches:
Dungeon (3/15)

Altars:
Elyvilon
Gozag
Sif Muna


Message History

The kobold throws a poisoned dart.
The poisoned dart closely misses you. The leopard gecko bites you.
* * * LOW HITPOINT WARNING * * *
The gnoll barely misses you.
You climb upwards.
There is a stone staircase leading down here.
Okay, then.
It was a potion of lignification.
You turn into a tree.
Your +0 robe melds into your body.
Your roots penetrate the ground.
The leopard gecko bites you but does no damage.
Casting: Searing Ray (safe; 1% risk of failure)
Confirm with . or Enter, or press ? or * to list all spells.
Aiming: Magic Dart (safe; 1% risk of failure)
Press: ? - help, Shift-Dir - straight line, f - leopard gecko
Aim: a leopard gecko The magic dart hits the leopard gecko!
You kill the leopard gecko!
The gnoll hits you with a +1 vorpal flail.
* * * LOW HITPOINT WARNING * * *
You die...

#.# #.............###...
#.###........#..........
#.......................
#####...................
#...................
#..................#
##########.................
#<.....=.†g......#.#.####..
##########♣................
#.##......#.......
#.##.....##.......
#.##..............
#.######..........
#.................
########..........
#......######.... #......#
#....


You could see a gnoll.

Vanquished Creatures
  A crimson imp (D:2)
  A worker ant zombie (D:2)
  A gnoll (D:1)
  3 adders (D:2)
  An ooze (D:2)
  A dart slug (D:2)
  3 leopard geckos
  5 goblins
  3 hobgoblins (D:2)
  4 jackals (D:1)
  9 kobolds
  2 bats
  5 frilled lizards
  4 rats
43 creatures vanquished.

Notes
Turn   | Place    | Note
-------+----------+-------------------------------------------
     0 | D:1      | nikku the Deep Elf Conjurer began the quest for the Orb.
     0 | D:1      | Reached XP level 1. HP: 10/10 MP: 6/6
   194 | D:1      | Reached XP level 2. HP: 16/16 MP: 5/8
   274 | D:1      | Reached skill level 1 in Fighting
   278 | D:1      | Learned a level 2 spell: Searing Ray
   482 | D:1      | Reached XP level 3. HP: 19/20 MP: 7/10
   834 | D:2      | Found a white marble altar of Elyvilon.
   841 | D:2      | Found a shimmering blue altar of Sif Muna.
   877 | D:2      | Reached skill level 5 in Conjurations
  1068 | D:2      | Reached XP level 4. HP: 26/26 MP: 4/12
  1074 | D:2      | Learned a level 4 spell: Iskenderun's Mystic Blast
  1079 | D:2      | Learned a level 4 spell: Fulminant Prism
  1338 | D:2      | Found an opulent altar of Gozag.
  1800 | D:2      | HP: 1/39 [gnoll/+1 vorpal flail (2)]
  1800 | D:2      | Slain by a gnoll

Illustrated notes

Levels and vault maps discovered:
D:1:      ncdulo_smallfort, layout_rooms, due_unseen_surprise
D:2:      layout_basic, nicolae_overflow_crystal_walls,
          grunt_temple_overflow_open
D:3:      layout_rooms, uniq_crazy_yiuf_cottage, uniq_jessica, uniq_grinder

Skill      XL: |  1  2  3 |
---------------+----------+-----
Fighting       | 1 |  1.9
Spellcasting   | 4 |  4.5
Conjurations   | 5 |  5.3
Dodging        | |  2.4
Stealth        | |  2.4
Hexes          | |  0.9
Translocations | |  0.5

Action                   |  1- 3 |  4- 6 || total
-------------------------+-------+-------++-------
 Cast: Magic Dart        |    58 |    24 ||    82
       Searing Ray       |       |     1 ||     1
  Use: Scroll            |     4 |     3 ||     7
       Potion            |       |     1 ||     1
  Eat: Chunk             |       |     1 ||     1
Armor: Robe              |       |     1 ||     1
       Skin              |       |     1 ||     1
Dodge: Dodged            |       |     7 ||     7
